 Dungeon Crawl Stone Soup version 0.21-a0-582-g1b93aee (console) character file.

148 toffzen the Skirmisher (level 5, -3/47 HPs)
             Began as a Minotaur Abyssal Knight on Dec 19, 2017.
             Was a Believer of Lugonu.
             Slain by a river rat (6 damage)
             ... on level 3 of the Dungeon.
             The game lasted 00:07:31 (2258 turns).

toffzen the Skirmisher (Minotaur Abyssal Knight)    Turns: 2258, Time: 00:07:32

Health: -3/47      AC:  5    Str: 17    XL:     5   Next: 8%
Magic:  5/6        EV: 11    Int:  9    God:    Lugonu [**....]
Gold:   150        SH:  0    Dex: 10    Spells: 4/4 levels left

rFire    . . .     SeeInvis .   a - +1 mace
rCold    . . .     Gourm    .   (no shield)
rNeg     . . .     Faith    .   r - +0 ring mail
rPois    .         Spirit   .   (helmet restricted)
rElec    .         Reflect  .   (no cloak)
rCorr    .         Harm     .   (no gloves)
MR       .....                  (no boots)
Stlth    ..........             (no amulet)
HPRegen  0.15/turn              (no ring)
MPRegen  0.10/turn              (no ring)

@: no status effects
A: retaliatory headbutt, horns 2
a: Depart the Abyss, Bend Space, Renounce Religion


You were on level 3 of the Dungeon.
You worshipped Lugonu.
Lugonu was pleased with you.
You were not hungry.

You visited 1 branch of the dungeon, and saw 3 of its levels.
You visited the Abyss 1 time.

You collected 150 gold pieces.

Inventory:

Hand Weapons
 a - a +1 mace (weapon)
 o - a +0 hunting sling
Missiles
 e - 67 stones (quivered)
 m - 47 sling bullets
Armour
 r - a +0 ring mail (worn)
Jewellery
 n - an uncursed ring of fire {unknown}
Scrolls
 b - a scroll of enchant weapon {unknown}
 d - 2 scrolls of remove curse {unknown}
 f - 3 scrolls of teleportation {unknown}
 i - a scroll of identify {unknown}
 j - 3 scrolls of amnesia
 k - a scroll of fear {unknown}
Potions
 h - a potion of invisibility {unknown}
 l - a potion of might {unknown}
 p - a potion of haste {unknown}
 q - a potion of brilliance {unknown}
Comestibles
 c - 6 rations
 g - 7 chunks of flesh


   Skills:
 + Level 4.5 Fighting
 + Level 3.5 Maces & Flails
 + Level 3.5 Armour
 + Level 2.6 Dodging
 + Level 2.7 Invocations


You had 4 spell levels left.
You didn't know any spells.

Dungeon Overview and Level Annotations

Branches:
Dungeon (3/15)

Altars:
Qazlal
Wu Jian

Portals:
Sewer: D:3


Innate Abilities, Weirdness & Mutations

You reflexively headbutt those who attack you in melee.
You have a pair of horns on your head.


Message History

The river rat bites you but does no damage.
You hit the river rat.
You kill the river rat!
Lugonu accepts your kill.
You closely miss the river rat. The river rat bites you.
* * * LOW HITPOINT WARNING * * *
You closely miss the river rat.
The river rat bites you but does no damage.
You thump the river rat!
The river rat is severely wounded.
The river rat bites you.
* * * LOW HITPOINT WARNING * * *
You hit the river rat but do no damage. Your headbutt misses the river rat.
The river rat is severely wounded.
The river rat closely misses you.
The river rat bites you but does no damage.
You hit the river rat but do no damage. Your headbutt misses the river rat.
The river rat is severely wounded.
The river rat bites you.
You die...

#.##. #.# ##..
#.##.##.# #..# ####
#.##....# #..# ≈≈≈#
..####..######..#
≈≈≈#
...........)....#
≈∩≈#
######.#.######.#
≈≈≈# # #.#.######.#
≈≈≈
#.#........##†###.##
#.#######..@rr......
#.# ########...# #.#
# #.# ## .#


You could see a river rat and a rat.

Vanquished Creatures
  3 gnolls (D:3)
  3 adders (D:3)
  2 river rats (D:3)
  2 worms (D:2)
  A dart slug (D:1)
  2 leopard geckos (D:3)
  10 bats
  5 giant cockroaches
  10 hobgoblins
  7 kobolds
  A ball python (D:3)
  4 frilled lizards
  9 goblins
  5 rats
64 creatures vanquished.

Notes
Turn   | Place    | Note
-------+----------+-------------------------------------------
     0 | Abyss:1  | toffzen the Minotaur Abyssal Knight began the quest for the Orb.
     0 | Abyss:1  | Reached XP level 1. HP: 19/19 MP: 1/1
   104 | Abyss:1  | Noticed an orange demon
   106 | D:1      | Escaped the Abyss
   165 | D:1      | Reached * piety under Lugonu
   229 | D:1      | Reached XP level 2. HP: 14/27 MP: 2/2
   606 | D:1      | Reached XP level 3. HP: 33/33 MP: 3/3
   974 | D:2      | Reached skill level 4 in Fighting
  1342 | D:2      | Found a stormy altar of Qazlal.
  1503 | D:2      | Found an ornate altar of the Wu Jian Council.
  1953 | D:3      | Reached XP level 4. HP: 38/40 MP: 4/4
  1979 | D:3      | Reached ** piety under Lugonu
  2236 | D:3      | Found a glowing drain.
  2247 | D:3      | Reached XP level 5. HP: 19/47 MP: 4/6
  2258 | D:3      | Slain by a river rat

Vault maps used:
D:1:      sevenhm_arrival_forest_fort_small_3, minmay_pentomino_r4
D:2:      nicolae_overflow_crystal_walls, lemuel_doored_altar, first_ration
D:3:      minmay_wonky_spiral, nicolae_overflow_quartered_altars,
          portal_sewer_entry_c, hangedman_abyss_or_decor_stabs, uniq_natasha
Abyss:1:  hangedman_cross_veins

Skill      XL: |  1  2  3 |
---------------+----------+-----
Invocations    | 2 |  2.7
Fighting       | 4 |  4.5
Maces & Flails | 3 |  3.5
Armour         | 3 |  3.5
Dodging        | 2 |  2.6

Action                   |  1- 3 |  4- 6 || total
-------------------------+-------+-------++-------
Melee: Mace              |   107 |    48 ||   155
       Headbutt          |    14 |     6 ||    20
Throw: Stone             |    11 |     1 ||    12
Invok: Depart the Abyss  |     1 |       ||     1
  Use: Scroll            |       |     1 ||     1
  Eat: Chunk             |     3 |     1 ||     4
Armor: Leather armour    |    31 |       ||    31
       Ring mail         |     1 |    13 ||    14
Dodge: Dodged            |    88 |    24 ||   112

Table legend:
 A = Spawn XP
 B = Non-spawn XP
 C = Spawn XP percentage of total XP
 D = Spawn monster count
 E = Non-spawn monster count
 F = Spawn count percentage of total count
 G = Total turns spent on level
                    A         B        C        D         E        F      G
               +---------+---------+-------+---------+---------+-------+---------
         Total |       0 |     212 |   0.0 |       0 |      64 |   0.0 |  2258
               +---------+---------+-------+---------+---------+-------+---------
           D:1 |       0 |      42 |   0.0 |       0 |      25 |   0.0 |   860
           D:2 |       0 |      43 |   0.0 |       0 |      22 |   0.0 |   968
           D:3 |       0 |     127 |   0.0 |       0 |      17 |   0.0 |   324
               +---------+---------+-------+---------+---------+-------+---------
